 Dungeon Crawl Stone Soup version 0.26.1-11-gd32895ea62 (webtiles) character file.

Game seed: 11957474354371450125

378 mankey1987 the Shield-Bearer (level 7, -12/55 HPs)
             Began as a Formicid Fighter on May 28, 2021.
             Mangled by an orc warrior
             ... wielding a +0 halberd
              (19 damage)
             ... on level 4 of the Dungeon.
             The game lasted 00:04:20 (2761 turns).

mankey1987 the Shield-Bearer (Formicid Fighter)     Turns: 2761, Time: 00:04:21

Health: -12/55     AC: 10    Str: 23    XL:     7   Next: 4%
Magic:  7/7        EV:  6    Int:  7    God:
Gold:   156        SH: 10    Dex:  8    Spells: 6/6 levels left

rFire    . . .     SeeInvis +   a - +0 quarterstaff
rCold    . . .     Faith    .   c - +0 kite shield
rNeg     . . .     Spirit   .   l - +0 chain mail
rPois    .         Reflect  .   (helmet unavailable)
rElec    .         Harm     .   (no cloak)
rCorr    .         Rampage  .   t - +0 pair of gloves
Will     .....                  (no boots)
Stlth    ..........             (no amulet)
HPRegen  0.18/turn              (no ring)
MPRegen  0.10/turn              (no ring)

@: attractive, flying
A: permanent stasis, dig shafts and tunnels, four strong arms, antennae 3,
clumsy 1, mutation resistance 1
a: Dig, Shaft Self


You were on level 4 of the Dungeon.
You visited 1 branch of the dungeon, and saw 5 of its levels.

You collected 156 gold pieces.

Inventory:

Hand Weapons
 a - a +0 quarterstaff (weapon)
Armour
 c - a +0 kite shield (worn)
 l - a +0 chain mail (worn)
 t - a +0 pair of gloves (worn)
Jewellery
 m - a +4 ring of evasion {unknown}
Wands
 q - a wand of polymorph (5)
 s - a wand of digging (5)
Scrolls
 b - 2 scrolls of amnesia {unknown}
 f - 3 scrolls of identify {unknown}
 n - a scroll of teleportation {unknown}
 o - 2 scrolls of immolation {unknown}
Potions
 i - a potion of mutation
 j - 2 potions of degeneration {unknown}
 k - a potion of haste {unknown}
 p - a potion of brilliance {unknown}
 r - a potion of curing {unknown}


   Skills:
 + Level 4.5 Fighting
 * Level 4.6 Staves
 + Level 4.6 Armour
 + Level 5.0 Shields


You had 6 spell levels left.
You didn't know any spells.
Your spell library was empty.

Dungeon Overview and Level Annotations

Branches:
Dungeon (5/15)
 Temple: D:4-7

Altars:
Elyvilon
Qazlal
Sif Muna
Uskayaw
Zin


Innate Abilities, Weirdness & Mutations

You cannot be hasted, slowed, berserked, paralysed or teleported.
You can dig through walls and to a lower floor.
Your four strong arms can wield two-handed weapons with a shield.
You have a pair of large antennae on your head. (SInv)
You are clumsy. (Dex -2)
You are somewhat resistant to further mutation.


Message History

The orc wizard is pulled toward you!
You closely miss the orc warrior.
The orc warrior is severely wounded.
The orc warrior hits you with a +0 halberd!
You hit the orc warrior but do no damage.
The orc warrior is severely wounded.
The orc warrior hits you with a +0 halberd!
* * * LOW HITPOINT WARNING * * *
An orc comes into view. It is wielding a -2 short sword.
The orc wizard gestures wildly while chanting.
The orc wizard seems to speed up.
The orc is pulled toward you!
It was a potion of mutation.
You feel extremely strange.
You feel clumsy.
You feel genetically stable.
The orc shouts!
You block the orc warrior's attack.
It was a potion of flight.
You feel very buoyant.
You fly up into the air.
The orc warrior hits you with a +0 halberd!!
You die...

###########
#..@ooo...#
#.#######.#
# #.# #.#
#.# #.# #.#
#.#######.##
(......>...#


You could see an orc warrior, an orc wizard (fast) and an orc.

Vanquished Creatures
  An ogre (D:5)
  An orc priest (D:2)
  A hound (D:5)
  An orc wizard (D:5)
  Terence (D:2)
  A worker ant zombie (D:5)
  2 adders
  4 gnolls (D:5)
  A shadow imp (D:5)
  3 white imps (D:5)
  An ooze (D:1)
  2 worms (D:3)
  2 dart slugs
  2 leopard geckos
  14 orcs
  3 giant cockroaches
  3 goblins
  4 hobgoblins
  2 jackals (D:1)
  4 kobolds
  2 quokkas
  A ball python (D:1)
  5 bats (D:1)
  4 frilled lizards
  6 rats
71 creatures vanquished.

Notes
Turn   | Place    | Note
-------+----------+-------------------------------------------
     0 | D:1      | mankey1987 the Formicid Fighter began the quest for the
                  | Orb.
     0 | D:1      | Reached XP level 1. HP: 18/18 MP: 1/1
    83 | D:1      | Reached XP level 2. HP: 20/24 MP: 2/2
   524 | D:1      | Reached XP level 3. HP: 29/29 MP: 3/3
   726 | D:2      | Found a glowing silver altar of Zin.
   726 | D:2      | Found a shimmering blue altar of Sif Muna.
   727 | D:2      | Found a white marble altar of Elyvilon.
   731 | D:2      | Reached skill level 4 in Shields
   731 | D:2      | Noticed Terence
   742 | D:2      | Reached XP level 4. HP: 9/37 MP: 4/4
  1026 | D:2      | Killed Terence
  1323 | D:2      | Reached XP level 5. HP: 38/42 MP: 5/5
  1360 | D:2      | You fall into a shaft and drop 2 floors!
  1418 | D:3      | Found a hide-covered altar of Uskayaw.
  1742 | D:3      | Found a stormy altar of Qazlal.
  1815 | D:3      | You fall into a shaft and drop 2 floors!
  1815 | D:5      | Entered Level 5 of the Dungeon
  2027 | D:5      | Reached XP level 6. HP: 22/48 MP: 6/6
  2336 | D:5      | Noticed an ogre
  2344 | D:5      | Killed an ogre
  2497 | D:5      | Reached skill level 5 in Shields
  2688 | D:5      | Reached XP level 7. HP: 51/55 MP: 7/7
  2760 | D:4      | Gained mutation: You are clumsy. (Dex -2) [potion of
                  | mutation]
  2760 | D:4      | Gained mutation: You are somewhat resistant to further
                  | mutation. [potion of mutation]
  2761 | D:4      | Mangled by an orc warrior

Illustrated notes

Levels and vault maps discovered:
D:1:      tarquinn_simple_flora_water_f, layout_basic, minmay_strange_pillars
D:2:      layout_loops_corners, grunt_temple_overflow_open,
          grunt_decor_mini_mirrors, bh_walls_and_bars, uniq_terence,
          uniq_crazy_yiuf_cottage
D:3:      minmay_bubble_buster, layout_basic, grunt_qazlal_sundering,
          eat_drink_and_be_merry_uskayaw, uniq_grinder
D:4:      layout_loops_ring, serial_shops, shop_fountains, minmay_door_square,
          elyvilon_altar_5
D:5:      layout_basic, grunt_ministairs_11

Skill      XL: |  1  2  3  4  5  6 |
---------------+-------------------+-----
Shields        | 4 5 |  5.0
Staves         | 3 4 |  4.6
Fighting       | 4 |  4.5
Armour         | 4 |  4.6

Action                   |  1- 3 |  4- 6 |  7- 9 || total
-------------------------+-------+-------+-------++-------
Melee: Quarterstaff      |    66 |   167 |     9 ||   242
  Use: Potion            |       |     4 |     3 ||     7
Armor: Scale mail        |    41 |     5 |       ||    46
       Chain mail        |       |    42 |       ||    42
       Skin              |       |    13 |       ||    13
Dodge: Dodged            |    31 |    26 |     1 ||    58
Block: Kite shield       |    33 |    78 |     3 ||   114
